 Dungeon Crawl Stone Soup version 0.30.0 (webtiles) character file.

Game seed: 6585522018398534267

597 Rogue the Sneak (level 7, 0/36 HPs)
             Began as a Spriggan Brigand on Aug 26, 2023.
             Slain by an ogre
             ... wielding a +0 giant club
              (36 damage)
             ... on level 6 of the Dungeon.
             The game lasted 00:39:40 (4448 turns).

Rogue the Sneak (Spriggan Brigand)                  Turns: 4448, Time: 00:39:40

Health: 0/36       AC:  3    Str:  7    XL:     7   Next: 17%
Magic:  17/17      EV: 19    Int: 15    God:
Gold:   3          SH:  0    Dex: 22    Spells: 0/6 levels left

rFire   . . .        g - +2 dagger (venom)
rCold   . . .        (no shield)
rNeg    . . .        b - +0 robe
rPois   +            (helmet restricted)
rElec   .            c - +0 cloak
rCorr   .            (gloves unavailable)
SInv    +            (boots unavailable)
Will    +....        (no amulet)
Stlth   ++++         u - ring "Kudot" {Drain rPois MP+9 Int+3 Dex+3}
HPRegen 0.26/turn    (no ring)
MPRegen 0.15/turn

%: no passive effects
@: very quick
A: very small, no large weapons, unfitting armour, see invisible, speed 3
a: no special abilities


You were on level 6 of the Dungeon.
You visited 1 branch of the dungeon, and saw 6 of its levels.

You collected 286 gold pieces.
You spent 283 gold pieces at shops.

Inventory:

Hand Weapons
 a - a +2 dagger
 g - a +2 dagger of venom (weapon)
 k - a +1 dagger of freezing
 l - a +0 sling
Missiles
 d - 2 poisoned darts (quivered)
 e - 3 curare-tipped darts
Armour
 b - a +0 robe (worn)
 c - a +0 cloak (worn)
Jewellery
 u - the ring "Kudot" (left hand) {Drain rPois MP+9 Int+3 Dex+3}
   (You found it on level 3 of the Dungeon)

   [ring of magical power]

   Int:       It affects your intelligence (+3).
   Dex:       It affects your dexterity (+3).
   rPois:     It protects you from poison.
   MP:        It affects your magic capacity (+9).
   Drain:     It drains your maximum health when unequipped.
Wands
 t - a wand of polymorph (4)
Scrolls
 f - 2 scrolls of magic mapping
 j - a scroll of acquirement {unknown}
 p - a scroll of torment {unknown}
 q - a scroll of enchant armour {unknown}
 r - 3 scrolls of teleportation
 s - a scroll of noise {unknown}
 y - a scroll of poison
Potions
 h - a potion of degeneration
 i - 2 potions of mutation
 m - 2 potions of curing
 n - 3 potions of might
 o - 2 potions of heal wounds
 v - a potion of lignification {unknown}
 x - a potion of flight


   Skills:
 * Level 3.2 Fighting
 + Level 3.9 Short Blades
 + Level 3.9 Throwing
 * Level 2.1 Armour
 + Level 3.3 Dodging
 + Level 6.7 Stealth
 * Level 1.8 Poison Magic


You couldn't memorise any spells.
You knew the following spells:

 Your Spells              Type           Power      Damage    Failure   Level
a - Olgreb's Toxic Radia  Pois           5%         N/A       77%         4
b - Passwall              Tmut/Erth      0%         N/A       38%         2

Your spell library contained the following spells:

 Spells                   Type           Power      Damage    Failure   Level
 Sandblast                Erth           0%         2d4       26%         1
 Summon Small Mammal      Summ           0%         N/A       26%         1
 Call Canine Familiar     Summ           0%         N/A       63%         3
 Stone Arrow              Conj/Erth      0%         3d7       63%         3
 Summon Guardian Golem    Hex/Summ       0%         N/A       63%         3
 Discord                  Hex            0%         N/A       100%        8
 Ignition                 Fire           0%         3d3       100%        8


Dungeon Overview and Level Annotations

Branches:
Dungeon (6/15)
 Temple: D:4-7

Altars:
Gozag
Makhleb
Sif Muna
Trog
The Shining One

Shops:
D:2 !   D:4 !!?:?   D:5 ?

Annotations:
D:3 IAmTheZeppo's ghost, weakling DsGl
D:6 Sigmund


Innate Abilities, Weirdness & Mutations

You are very small and have problems with some larger weapons.
You are too small for most types of armour.
You have supernaturally acute eyesight. (SInv)
You cover ground extremely quickly. (Speed+++)


Message History

The poisoned dart barely misses the ogre.
Unknown command.
Throw: 4 darts (poison)
Press: ? - help, Q - select action, (/) - cycle Shift-Dir - straight line, f/p - ogre
Aim: an ogre, wielding a +0 giant club (lightly wounded, poisoned, 78% to hit)
You throw a poisoned dart.
The poisoned dart barely misses the ogre.
The poisoned dart hits the ice beast!
Throw: 3 darts (poison)
Press: ? - help, Q - select action, (/) - cycle Shift-Dir - straight line, f/p - ogre
Aim: an ogre, wielding a +0 giant club (lightly wounded, poisoned, 78% to hit)
You throw a poisoned dart. The poisoned dart hits the ogre.
The ogre looks even sicker.
The ogre is lightly wounded.
Unknown command.
Throw: 3 darts (atropa)
Press: ? - help, Q - select action, (/) - cycle Shift-Dir - straight line, f/p - ogre
Aim: an ogre, wielding a +0 giant club (moderately wounded, very poisoned, 78% to hit, chance to blind on hit: 70%)
You throw an atropa-tipped dart. The atropa-tipped dart hits the ogre!
The ogre appears confused.
The ogre is moderately wounded.
Throw: 2 darts (atropa)
Press: ? - help, Q - select action, (/) - cycle Shift-Dir - straight line, f - ice beast, p - ogre
Aim: an ice beast (65% to hit, chance to blind on hit: 73%)
You throw an atropa-tipped dart.
The atropa-tipped dart closely misses the ice beast.
Unknown command.
Unknown command.
Throw: dart (atropa)
Press: ? - help, Q - select action, (/) - cycle Shift-Dir - straight line, f/p - ice beast
Aim: an ice beast (65% to hit, chance to blind on hit: 73%)
You throw an atropa-tipped dart.
The atropa-tipped dart hits the ice beast.
The ice beast resists.
The ogre seems less confused.
You barely miss the ogre.
The ogre is heavily wounded.
The ogre hits you with a +0 giant club!!!
Ouch! That really hurt!
You die...

####.####
##............. #..#
##..# ##........
##.######(..###........#
##.)..##.(.###.........#
#..##....(##........#...
##.#####........#...##
#. ##.## ##.Y...###...#
#.## ##O..## ##..# #.#
#@.## ..# #.## #.## ..#
##..### #.# ..
#.....#####...#
###............#
##.......###...
##....<## #... ##..###
#.## ##.# .#


You could see an ice beast and an ogre (blind, poisoned).

Vanquished Creatures
  An ogre (D:5)
  A black bear (D:4)
  A bullfrog (D:3)
  A jelly (D:5)
  A gnoll bouda (D:5)
  A sleepcap (D:4)
  An orc wizard (D:5)
  7 gnolls (D:5)
  5 adders
  A river rat (D:3)
  A shadow imp (D:5)
  A white imp (D:5)
  An ufetubus (D:4)
  A worm (D:3)
  3 dart slugs
  7 orcs
  7 bats
  7 endoplasms
  4 giant cockroaches
  8 goblins
  11 hobgoblins
  8 kobolds
  2 quokkas
  9 ball pythons
  A frilled lizard (D:3)
  5 rats
96 creatures vanquished.

Notes
Turn   | Place    | Note
-------+----------+-------------------------------------------
     0 | D:1      | Rogue the Spriggan Brigand began the quest for the Orb.
     0 | D:1      | Reached XP level 1. HP: 10/10 MP: 2/2
   185 | D:1      | Reached XP level 2. HP: 15/15 MP: 3/3
   656 | D:1      | Reached XP level 3. HP: 18/18 MP: 4/4
  1238 | D:2      | Found Rare's Distillery.
  1244 | D:2      | Bought a potion of curing for 36 gold pieces
  1374 | D:2      | Found a faded altar of an unknown god.
  1650 | D:3      | Reached skill level 1 in Armour
  1671 | D:3      | Reached XP level 4. HP: 23/23 MP: 5/5
  1674 | D:3      | Found an opulent altar of Gozag.
  1675 | D:3      | Found a bloodstained altar of Trog.
  1845 | D:3      | Found a runed translucent door.
  1848 | D:3      | Noticed IAmTheZeppo's ghost (weakling DsGl)
  1848 | D:3      | Noticed a bullfrog
  1874 | D:3      | Found a runed translucent door.
  1902 | D:3      | Identified the ring "Kudot" {Drain rPois MP+9 Int+3 Dex+3}
  2009 | D:3      | Killed a bullfrog
  2053 | D:3      | Reached XP level 5. HP: 15/27 MP: 6/6
  2139 | D:4      | Found Saemuifo's Magic Scroll Emporium.
  2152 | D:4      | Bought a scroll of teleportation for 36 gold pieces
  2152 | D:4      | Bought a scroll of identify for 24 gold pieces
  2203 | D:4      | Learned a level 4 spell: Olgreb's Toxic Radiance
  2248 | D:4      | Found Niroom's Magic Scroll Emporium.
  2252 | D:4      | Bought a scroll of identify for 22 gold pieces
  2311 | D:4      | Found a burning altar of Makhleb.
  2433 | D:4      | Found Cogam's Distillery.
  2486 | D:4      | Noticed a black bear
  2504 | D:4      | Killed a black bear
  2505 | D:4      | Reached skill level 6 in Stealth
  2505 | D:4      | Reached XP level 6. HP: 13/32 MP: 7/7
  2636 | D:4      | Found Nuetrojo's Book Shop.
  2957 | D:4      | Reached skill level 1 in Poison Magic
  2980 | D:4      | Found Xiphel's Distillery.
  2993 | D:4      | Bought a potion of flight for 39 gold pieces
  3147 | D:5      | Entered Level 5 of the Dungeon
  3147 | D:5      | Found Qimyhown's Magic Scroll Emporium.
  3151 | D:5      | Bought a scroll of magic mapping for 82 gold pieces
  3657 | D:5      | Found a shimmering blue altar of Sif Muna.
  3950 | D:5      | Reached XP level 7. HP: 36/36 MP: 8/8
  4240 | D:5      | Found a glowing golden altar of the Shining One.
  4244 | D:5      | Learned a level 2 spell: Passwall
  4316 | D:4      | Bought a scroll of poison for 44 gold pieces
  4420 | D:6      | Noticed Sigmund
  4448 | D:6      | Slain by an ogre

Illustrated notes

Levels and vault maps discovered:
D:1:      dpeg_arrival_more_subterranean_lakeside_camping, layout_basic,
          minmay_pentomino_t4
D:2:      layout_basic, nicolae_ecumenical_oubliette, serial_shops, shop
D:3:      layout_basic, nicolae_overflow_squiral, ebering_ghost_sewer_f
D:4:      layout_loops_ring, nicolae_overflow_crystal_walls, serial_shops,
          nicolae_shop_tiny_real_fake_doors, nicolae_shop_back_alley_shop, shop,
          nicolae_lakefront_shop, shop
D:5:      layout_loops_ring, kennysheep_mini_moat,
          nicolae_sif_muna_condensation, serial_shops,
          nicolae_shop_hallway_stairs
D:6:      layout_layer_cave, amcnicky_altar_gilded, minivault_14, uniq_edmund,
          uniq_sigmund

Skill      XL: |  1  2  3  4  5  6 |
---------------+-------------------+-----
Fighting       | 2 3 |  3.2
Dodging        | 2 3 |  3.3
Armour         | 1 2 |  2.1
Short Blades   | 3 |  3.9
Throwing       | 3 |  3.9
Stealth        | 6 |  6.7
Poison Magic   | 1 |  1.8

Action                     |  1- 3 |  4- 6 |  7- 9 || total
---------------------------+-------+-------+-------++-------
  Melee: Dagger            |    77 |   117 |    29 ||   223
         Punch             |     1 |     2 |       ||     3
  Throw: Dart              |    62 |    31 |    17 ||   110
    Use: Scroll            |       |     4 |       ||     4
   Stab: Sleeping          |     8 |     5 |       ||    13
         Invisible         |       |     4 |     1 ||     5
 Armour: Robe              |    12 |     9 |     1 ||    22
  Dodge: Dodged            |    48 |    69 |    14 ||   131
